Map: King Sejong Station LE

Players

nightmare

  • Race: Zerg Zerg
  • League: Platinum

blackxored - Winner!

  • Race: Zerg Zerg
  • League: Diamond

VOD

Have the link to the VOD?

Description

Time

  • Played on: July 2, 2016, 3:35 a.m.
  • Length: 17:06
Show
View Real Time Build Order
Export as new Build Order

nightmare Zerg 

Build Orders: Pool First 

Get SALT Encoding   

  12  0:01  Drone  
  13  0:08  Extractor  
  12  0:16  Overlord  
  12  0:22  Drone  
  13  0:34  Drone  
  14  0:47  Spawning Pool  
  13  0:51  Drone  
  13  0:55  Drone  
  15  1:00  Drone  
  16  1:05  Drone  
  17  1:14  Drone  
  18  1:23  Drone  
  19  1:33  Metabolic Boost  
  19  1:35  Baneling Nest  
  19  1:36  Drone  
  19  1:51  Zergling x2  
  20  1:57  Zergling x2  
  21  2:06  Zergling x2  
  22  2:18  Overlord, Hatchery  
  21  2:33  Zergling x2  
  22  2:39  Zergling x2  
  23  2:49  Zergling x2  
  23  2:50  Queen  
  26  2:57  Baneling x3  
  26  3:00  Zergling x2  
  25  3:16  Zergling x2  
  24  3:25  Zergling x2  
  25  3:32  Baneling  
  25  3:33  Baneling  
  25  3:34  Zergling x2  
  25  3:35  Zergling x2  
  27  3:41  Zergling x2  
  27  3:44  Zergling x2  
  29  3:52  Zergling x2  
  30  4:02  Zergling x6  
  33  4:11  Zergling x6  
  33  4:15  Overlord  
  32  4:27  Overlord  
  26  4:41  Zergling x2  
  26  4:42  Zergling x4  
  26  4:44  Drone  
  23  4:46  Drone  
  14  4:56  Drone x2  
  14  4:58  Queen x2  
  20  5:21  Drone  
  20  5:22  Drone  
  22  5:39  Drone  
  22  5:40  Drone  
  23  5:54  Drone  
  19  6:37  Drone x2  
  19  6:38  Drone x5  
  25  6:51  Drone x2  
  27  7:00  Overlord  
  27  7:04  Drone  
  23  7:14  Zergling x2  
  23  7:15  Zergling x2  
  25  7:20  Spine Crawler  
  24  7:26  Spore Crawler  
  24  7:28  Spore Crawler  
  22  7:40  Drone x3  
  22  7:41  Drone  
  22  7:42  Drone  
  22  7:43  Baneling  
  27  7:45  Baneling  
  27  7:48  Drone  
  28  7:51  Drone  
  29  7:59  Drone x2  
  29  8:02  Drone  
  31  8:11  Zergling x2  
  31  8:12  Zergling x4  
  26  8:38  Drone x4  
  30  8:49  Drone  
  31  9:01  Drone x3  
  34  9:03  Hatchery  
  34  9:04  Drone x3  
  34  9:05  Drone  
  34  9:07  Zergling x2  
  38  9:14  Baneling  
  38  9:15  Baneling  
  38  9:17  Zergling x2  
  38  9:18  Zergling x6  
  39  9:42  Zergling x8  
  43  9:57  Zergling x2  
  43  9:58  Zergling x6  
  42  10:13  Drone x2  
  44  10:15  Spore Crawler  
  44  10:19  Spore Crawler  
  38  10:23  Spore Crawler  
  38  10:27  Zergling x2  
  38  10:28  Zergling x10  
  42  10:42  Spore Crawler  
  40  10:47  Spawning Pool  
  40  10:49  Spore Crawler  
  40  10:59  Spore Crawler  
  40  11:01  Drone x5  
  40  11:02  Drone x3  
  46  11:13  Overlord x2  
  39  11:24  Zergling x4  
  35  11:25  Spore Crawler  
  35  11:26  Spore Crawler  
  35  11:30  Spore Crawler  
  32  11:38  Zergling x2  
  32  11:39  Zergling x2  
  34  11:57  Zergling x6  
  37  12:15  Zergling x2  
  37  12:16  Zergling x4  
  40  12:31  Baneling  
  40  12:33  Baneling x4  
  40  12:36  Hatchery  
  38  12:44  Baneling x5  
  20  13:00  Zergling x12  
  26  13:12  Zergling x2  
  22  13:17  Zergling x2  
  23  13:25  Zergling x4  
  24  13:36  Zergling x4  
  26  13:47  Zergling x4  
  22  13:56  Zergling x4  
  22  14:14  Hatchery  
  19  14:17  Zergling x2  
  19  14:18  Zergling x6  
  21  14:41  Spore Crawler  
  21  14:43  Spore Crawler  
  18  14:46  Spore Crawler  
  15  14:57  Zergling x2  
  15  14:59  Zergling x8  
  19  15:01  Zergling x2  
  20  15:11  Zergling x2  
  16  15:44  Hatchery  
  16  15:48  Hatchery  
  12  16:08  Zergling x6  
Show
View Real Time Build Order
Export as new Build Order

blackxored Zerg - Winner!

Build Orders: Hatch First, Zergling Baneling 

Get SALT Encoding   

  12  0:01  Drone  
  13  0:08  Drone  
  14  0:17  Overlord  
  14  0:22  Extractor  
  14  0:23  Drone  
  15  0:38  Drone x2  
  17  0:53  Hatchery  
  17  0:57  Drone  
  17  0:58  Drone  
  18  1:11  Extractor  
  17  1:14  Spawning Pool  
  17  1:16  Drone  
  17  1:19  Drone  
  18  1:27  Drone  
  19  1:39  Overlord  
  19  1:51  Drone  
  20  2:01  Zergling x2, Queen  
  22  2:04  Queen  
  22  2:05  Zergling x2  
  26  2:11  Zergling x2  
  26  2:12  Metabolic Boost  
  27  2:20  Drone  
  28  2:26  Zergling x4  
  28  2:29  Spine Crawler  
  29  2:34  Baneling Nest, Drone  
  29  2:40  Zergling x2  
  30  2:48  Overlord  
  30  2:53  Zergling x4  
  32  3:16  Zergling x8  
  34  3:25  Baneling x5  
  34  3:33  Drone x4  
  34  3:34  Drone  
  39  3:46  Zergling x4  
  41  3:56  Drone x2  
  42  4:28  Baneling x4  
  34  4:53  Drone x8, Spine Crawler  
  34  4:54  Drone  
  34  4:55  Spine Crawler  
  34  4:59  Baneling x3  
  41  5:23  Lair  
  41  5:36  Zergling x4  
  41  5:37  Overlord  
  41  5:38  Overlord x2  
  43  5:47  Baneling  
  43  5:53  Drone  
  43  5:56  Overlord x3  
  43  5:57  Overlord  
  44  6:20  Extractor, Drone x3  
  44  6:23  Pneumatized Carapace  
  44  6:27  Zergling x22  
  54  6:34  Baneling  
  54  6:39  Zergling x2  
  56  6:40  Zergling x2  
  56  6:57  Spire, Drone x2  
  56  7:24  Extractor, Drone x5  
  56  7:25  Extractor, Drone  
  56  7:28  Drone x2  
  62  7:54  Spore Crawler  
  52  8:06  Spore Crawler  
  52  8:11  Mutalisk x5  
  59  8:23  Overlord x2  
  58  8:47  Zergling x24  
  69  9:00  Mutalisk x5  
  79  9:20  Hatchery  
  79  9:22  Extractor  
  79  9:23  Extractor  
  72  9:42  Hatchery  
  72  9:43  Extractor  
  72  9:45  Extractor  
  68  9:56  Mutalisk x6  
  75  10:06  Drone  
  75  10:07  Drone x2  
  75  10:08  Drone x3  
  78  10:24  Zergling x2  
  78  10:25  Zergling x6  
  76  10:48  Zergling x2  
  76  10:49  Zergling x16  
  85  10:54  Baneling x7  
  83  11:12  Drone x5  
  83  11:13  Drone  
  87  11:28  Zergling x10  
  87  11:32  Drone  
  93  11:48  Zergling x10  
  99  12:01  Zergling x14  
  97  12:21  Mutalisk x3  
  97  12:22  Mutalisk x4  
  111  12:46  Mutalisk  
  104  13:11  Drone x6  
  104  13:12  Drone x3  
  100  13:26  Mutalisk x3  
  105  13:39  Zergling x2  
  105  13:40  Zergling x4  
  102  14:03  Drone x2  
  102  14:05  Drone x3  
  107  14:18  Zergling x2  
  107  14:19  Zergling x10  
  107  14:24  Overlord  
  113  14:29  Baneling x2  
  113  14:30  Baneling  
  113  14:35  Baneling  
  113  14:36  Baneling x2  
  113  14:47  Drone x2  
  109  15:21  Mutalisk x7  
  107  15:23  Overlord x2  
  107  15:24  Overlord  
  100  16:46  Baneling x4  
Tags
 
Add a new tag
Caveats
  • Supply blocks, unpowered buildings, or Contaminate may cause inaccurate times.
  • Supply counts are checked every 10 seconds.